 Dungeon Crawl Stone Soup version 0.26.0-15-gc6cd9f700b (webtiles) character file.

Game seed: 7756000977339647947

1054 teolandon225 the Cleaver (level 8, -1/70 HPs)
             Began as a Hill Orc Monk on Jan 15, 2021.
             Was a Priest of Beogh.
             Killed by nerve-wracking pain
             ... invoked by a shadow imp
              (11 damage)
             ... on level 5 of the Dungeon.
             The game lasted 00:15:10 (5542 turns).

teolandon225 the Cleaver (Hill Orc Monk)            Turns: 5542, Time: 00:15:11

Health: -1/70      AC: 12    Str: 16    XL:     8   Next: 26%
Magic:  11/11      EV:  5    Int: 10    God:    Beogh [***...]
Gold:   47         SH:  8    Dex: 13    Spells: 7/7 levels left

rFire    + . .     SeeInvis .   a - +1 hand axe
rCold    x . .     Faith    .   f - +0 buckler (curse)
rNeg     . . .     Spirit   .   y - +0 plate armour
rPois    .         Reflect  +   (no helmet)
rElec    .         Harm     .   i - +0 cloak
rCorr    .         Rampage  .   (no gloves)
Will     .....                  (no boots)
Stlth    ..........             t - amulet of reflection
HPRegen  0.21/turn              e - ring of fire
MPRegen  0.12/turn              (no ring)

@: no status effects
A: no striking features
a: Renounce Religion, Smiting


You were on level 5 of the Dungeon.
You worshipped Beogh.
Beogh was most pleased with you.
You visited 1 branch of the dungeon, and saw 5 of its levels.

You collected 277 gold pieces.
You spent 230 gold pieces at shops.

Inventory:

Hand Weapons
 a - a +1 hand axe (weapon)
Armour
 b - a +0 robe
 c - a +0 cloak
 f - a cursed +0 buckler (worn)
 h - a +0 ring mail
 i - a +0 cloak (worn)
 x - a +0 scale mail
 y - a +0 plate armour (worn)
Jewellery
 e - a ring of fire (left hand)
 r - a cursed amulet of the acrobat
 t - an amulet of reflection (around neck)
Wands
 w - a wand of random effects (15)
Scrolls
 g - 2 scrolls of magic mapping
 j - a scroll of identify
 m - 2 scrolls of amnesia
 o - 3 scrolls of enchant weapon
 z - 2 scrolls of remove curse
 B - a scroll of enchant armour
Potions
 p - a potion of mutation
 q - a potion of flight
 v - a potion of attraction {unknown}


   Skills:
 + Level 5.8 Fighting
 * Level 8.0 Axes
 + Level 3.8 Armour
 + Level 3.9 Dodging
 - Level 1.5 Stealth
 * Level 5.2 Invocations


You had 7 spell levels left.
You didn't know any spells.
Your spell library was empty.

Dungeon Overview and Level Annotations

Branches:
Dungeon (5/15)             Temple (0/1) D:5

Altars:
Sif Muna
Trog

Shops:
D:4 ?

Annotations:
D:1 exclusion: downstairs
D:2 exclusion: downstairs


Message History

Something shouts, "Return whence thou came, thou villainous elf-skinned maggot-pie!"
Found a potion of might.
Found a staircase to the Ecumenical Temple.
You feel sick.
The howler monkey hoots and howls with incredible vigour!
Found 14 gold pieces and 24 stones.
You feel sick.
The shadow imp shouts!
The shadow imp hits you but does no damage.
Found 4 gold pieces.
You see here 14 gold pieces.
Found 14 gold pieces.
You see here 24 stones.
You feel sick.
You are no longer poisoned.
You block the shadow imp's attack.
The howler monkey hoots and howls with incredible vigour!
The shadow imp gestures at you. Pain shoots through your body!
You die...

...# .#.# .# .. ##
#5. ...##### S##
#.#...# #.#
#.....######### ...
##.............. ...
####.$.#...@#.# ..
..............# ....
#....#......# ..$#
#....#5#.#..#
...#####.....h..#..#
................#..#
>.# ####..(....##..#
..# #.Y..#$.....#
..######.#.######..


You could see an ice beast, a howler monkey (catching breath) and a shadow imp.

Vanquished Creatures
  Pikel (D:4)
  A scorpion (D:4)
  A howler monkey (D:4)
  A jelly (D:5)
  A hound (D:5)
  Terence (D:3)
  An iguana (D:4)
  5 orc wizards
  8 adders
  A shadow imp (D:3)
  3 white imps (D:5)
  An ufetubus (D:3)
  2 oozes (D:1)
  A worm (D:3)
  3 dart slugs
  6 leopard geckos
  13 orcs
  2 ball pythons
  5 bats
  8 giant cockroaches
  6 goblins
  8 hobgoblins
  7 jackals
  15 kobolds
  4 quokkas
  4 frilled lizards
  A leopard gecko skeleton (D:4)
  23 rats
133 creatures vanquished.

Notes
Turn   | Place    | Note
-------+----------+-------------------------------------------
     0 | D:1      | teolandon225 the Hill Orc Monk began the quest for the Orb.
     0 | D:1      | Reached XP level 1. HP: 19/19 MP: 1/1
    48 | D:1      | Reached XP level 2. HP: 27/27 MP: 2/2
   215 | D:1      | Reached skill level 1 in Armour
   219 | D:1      | Reached XP level 3. HP: 17/33 MP: 3/3
   996 | D:2      | Reached skill level 5 in Axes
   996 | D:2      | Reached XP level 4. HP: 36/40 MP: 4/4
  1959 | D:3      | Reached XP level 5. HP: 39/47 MP: 5/5
  2366 | D:3      | Became a worshipper of Beogh the Brigand
  2366 | D:3      | Reached * piety under Beogh
  2366 | D:3      | Reached ** piety under Beogh
  2607 | D:3      | Reached skill level 6 in Axes
  2629 | D:3      | Found a bloodstained altar of Trog.
  2933 | D:3      | Noticed Terence
  2952 | D:3      | Killed Terence
  3139 | D:4      | Reached skill level 1 in Invocations
  3259 | D:4      | Reached XP level 6. HP: 52/53 MP: 6/6
  3544 | D:4      | Found Fomuy's Magic Scroll Boutique.
  3936 | D:4      | Bought a scroll of teleportation for 33 gold pieces
  3936 | D:4      | Bought a scroll of identify for 22 gold pieces
  3936 | D:4      | Bought a scroll of remove curse for 33 gold pieces
  3936 | D:4      | Bought a scroll of identify for 22 gold pieces
  3936 | D:4      | Bought a scroll of enchant armour for 82 gold pieces
  3936 | D:4      | Bought a scroll of magic mapping for 38 gold pieces
  4184 | D:4      | Noticed Pikel
  4246 | D:4      | Killed Pikel
  4247 | D:4      | Reached skill level 5 in Fighting
  4247 | D:4      | Reached skill level 7 in Axes
  4247 | D:4      | Reached XP level 7. HP: 44/61 MP: 7/10
  4386 | D:4      | Reached XP level 8. HP: 69/69 MP: 11/11
  4459 | D:5      | Entered Level 5 of the Dungeon
  4718 | D:5      | Reached *** piety under Beogh
  4767 | D:4      | Reached skill level 5 in Invocations
  5299 | D:5      | Reached skill level 8 in Axes
  5472 | D:5      | Found a shimmering blue altar of Sif Muna.
  5526 | D:5      | Found a staircase to the Ecumenical Temple.
  5542 | D:5      | Killed from afar by a shadow imp

Illustrated notes

Levels and vault maps discovered:
D:1:      minmay_arrival_floating_metal, layout_rooms
D:2:      layout_rooms
D:3:      layout_loops_ring, bloody_trog, uniq_terence
D:4:      layout_basic, minmay_shop_grid_forest, minmay_rat_hole, uniq_pikel
D:5:      layout_loops_ring, overflow_temple_1_default,
          minmay_temple_entry_enclosed_plants

Skill      XL: |  1  2  3  4  5  6  7  8 |
---------------+-------------------------+-----
Armour         | 1 2 3 |  3.8
Fighting       | 4 5 |  5.8
Axes           | 5 6 7 8 |  8.0
Dodging        | 3 |  3.9
Invocations    | 1 4 5 |  5.2
Stealth        | |  1.5

Action                   |  1- 3 |  4- 6 |  7- 9 || total
-------------------------+-------+-------+-------++-------
Melee: Hand axe          |    90 |   312 |   158 ||   560
Invok: Convert to Beogh  |       |     1 |       ||     1
       Smiting           |       |       |     2 ||     2
Evoke: Wand              |       |       |     1 ||     1
  Use: Scroll            |       |     4 |     7 ||    11
       Potion            |       |     2 |     5 ||     7
 Stab: Sleeping          |       |     2 |       ||     2
Armor: Robe              |     7 |       |       ||     7
       Ring mail         |    23 |    88 |       ||   111
       Plate armour      |       |    57 |   130 ||   187
Dodge: Dodged            |    59 |   150 |    29 ||   238
Block: Buckler           |       |    13 |    61 ||    74
       Other             |       |     3 |       ||     3
       Reflection        |       |       |     2 ||     2
